 Dungeon Crawl Stone Soup version 0.29.1-2-gbd0b4ee654 (webtiles) character file.

Game seed: 1449341031431532840

275 GorkyZ the Chopper (level 6, -7/37 HPs)
             Began as a Gargoyle Gladiator on Nov 25, 2022.
             Killed by divine providence
             ... invoked by an orc priest
              (12 damage)
             ... on level 4 of the Dungeon.
             The game lasted 00:10:38 (3687 turns).

GorkyZ the Chopper (Gargoyle Gladiator)             Turns: 3687, Time: 00:10:38

Health: -7/37      AC: 20    Str: 19    XL:     6   Next: 25%
Magic:  6/6        EV:  8    Int:  9    God:
Gold:   96         SH:  0    Dex: 11    Spells: 5/5 levels left

rFire   . . .      SeeInvis .   a - +0 war axe
rCold   . . .      Faith    .   (no shield)
rNeg    + . .      Spirit   .   x - +0 chain mail
rPois   ∞          Reflect  .   c - +0 helmet
rElec   +          Harm     .   q - +0 cloak
rCorr   .          Rampage  .   v - +0 pair of gloves
Will    .....                   (no boots)
Stlth   ..........              (no amulet)
HPRegen 0.12/turn               g - +4 ring of protection
MPRegen 0.10/turn               (no ring)

@: no status effects
A: sickness immunity, AC +4, negative energy resistance 1, electricity
resistance, torment resistance 1, petrification resistance
a: no special abilities


You were on level 4 of the Dungeon.
You visited 1 branch of the dungeon, and saw 4 of its levels.

You collected 96 gold pieces.

Inventory:

Hand Weapons
 a - a +0 war axe (weapon)
 r - a +3 hand axe of distortion
Missiles
 d - 3 throwing nets (quivered)
 e - a javelin
Armour
 b - a +0 leather armour
 c - a +0 helmet (worn)
 l - a +0 plate armour
 q - a +0 cloak (worn)
 v - a +0 pair of gloves (worn)
 w - a +0 scale mail
 x - a +0 chain mail (worn)
 y - a +0 leather armour of fire resistance
Jewellery
 g - a +4 ring of protection (left hand)
 h - an amulet of magic regeneration
 o - a ring of wizardry
Scrolls
 f - a scroll of poison {unknown}
 i - 2 scrolls of enchant armour {unknown}
 n - 3 scrolls of vulnerability {unknown}
 t - a scroll of teleportation {unknown}
 u - 3 scrolls of identify {unknown}
Potions
 j - a potion of attraction {unknown}
 k - a potion of degeneration {unknown}
 m - a potion of curing {unknown}
 p - a potion of cancellation {unknown}
 s - a potion of resistance {unknown}
 z - a potion of heal wounds {unknown}
 A - a potion of flight {unknown}
 B - a potion of brilliance {unknown}


   Skills:
 + Level 3.1 Fighting
 + Level 3.4 Axes
 + Level 2.7 Throwing
 + Level 2.3 Armour
 + Level 3.1 Dodging
 + Level 2.1 Shields
 + Level 1.7 Evocations


You had 5 spell levels left.
You didn't know any spells.
Your spell library contained the following spells:

 Spells                   Type           Power      Damage    Failure   Level
 Freeze                   Ice            0%         1d3       99%         1
 Shock                    Conj/Air       0%         1d3       99%         1
 Frozen Ramparts          Ice            0%         1d1       100%        3
 Gell's Gravitas          Tloc           0%         N/A       100%        3
 Inner Flame              Hex/Fire       0%         N/A       100%        3
 Lesser Beckoning         Tloc           0%         N/A       100%        3
 Swiftness                Air            0%         N/A       100%        3
 Teleport Other           Tloc           0%         N/A       100%        3
 Airstrike                Air            0%         2d(0-16)  100%        4
 Cause Fear               Hex            0%         N/A       100%        4
 Hailstorm                Conj/Ice       0%         3d3       100%        4
 Discord                  Hex            0%         N/A       100%        8


Dungeon Overview and Level Annotations

Branches:
Dungeon (4/15)
 Temple: D:4-7

Altars:


Innate Abilities, Weirdness & Mutations

You are immune to sickness and miasma.
Your stone body is resilient. (AC +4)
You are immune to poison.
You resist negative energy. (rN+)
You are resistant to electric shocks. (rElec)
You are resistant to unholy torment.
You are immune to petrification.


Message History

The orc is severely wounded.
You hit the white imp. The orc hits you but does no damage.
The white imp barely misses you.
The orc priest invokes the aid of Beogh against you.
Beogh smites you! The white imp completely misses you.
The orc hits you with a +0 flail.
You closely miss the orc.
The orc is severely wounded.
You hit the white imp but do no damage. The white imp barely misses you.
The orc barely misses you.
You hit the orc.
You kill the orc!
You barely miss the white imp.
The white imp hits you but does no damage.
You barely miss the orc. You hit the white imp.
The orc hits you but does no damage.
The white imp hits you but does no damage.
The white imp hits you. The white imp freezes you.
The orc hits you with a +0 dagger.
You closely miss the orc. You hit the white imp.
You kill the white imp!
The orc completely misses you.
You closely miss the orc. The orc hits you with a +0 dagger.
You hit the orc.
The orc is severely wounded.
The orc closely misses you. The orc hits you but does no damage.
You hit the orc.
You kill the orc!
The orc priest mumbles some strange prayers to Beogh against you.
Beogh smites you!
* * * LOW HITPOINT WARNING * * *
The orc priest mumbles some strange prayers to Beogh against you.
Pain shoots through your body!
* * * LOW HITPOINT WARNING * * *
You see here a ball python corpse.
The orc priest looks braver for a moment.
You closely miss the orc priest.
The orc priest invokes the aid of Beogh against you.
Beogh smites you!
You die...

#######.#.#
.........<#
######..##########
#(...........#
##..########.#
##.# #.#
#.########.#
#........#.# #.#
#o@†)# #.#
#....!.# #.
#......# #..∩....#
#.....#.#
#........
##.####.## #. .#


You could see an orc priest.

Vanquished Creatures
  A phantom (D:3)
  An orc wizard (D:3)
  Robin (D:2)
  3 adders (D:3)
  A shadow imp (D:4)
  A white imp (D:4)
  2 worms (D:3)
  2 dart slugs
  6 orcs
  9 endoplasms
  4 giant cockroaches
  16 goblins
  12 hobgoblins
  9 jackals
  5 kobolds
  3 quokkas
  8 ball pythons
  8 bats
  3 frilled lizards
  2 rats (D:1)
97 creatures vanquished.

Vanquished Creatures (others)
  An orc wizard (D:4)
1 creature vanquished.

Grand Total: 98 creatures vanquished

Notes
Turn   | Place    | Note
-------+----------+-------------------------------------------
     0 | D:1      | GorkyZ the Gargoyle Gladiator began the quest for the Orb.
     0 | D:1      | Reached XP level 1. HP: 12/12 MP: 1/1
   315 | D:1      | Reached XP level 2. HP: 17/17 MP: 2/2
   675 | D:1      | Reached skill level 1 in Armour
   675 | D:1      | Reached XP level 3. HP: 18/22 MP: 3/3
  1032 | D:1      | Reached skill level 1 in Shields
  1675 | D:2      | Noticed Robin
  1679 | D:2      | Reached XP level 4. HP: 27/27 MP: 4/4
  1687 | D:2      | Killed Robin
  1694 | D:2      | Reached skill level 1 in Evocations
  2873 | D:3      | Noticed a phantom
  2905 | D:3      | Killed a phantom
  2906 | D:3      | Reached XP level 5. HP: 28/32 MP: 5/5
  3408 | D:3      | Reached XP level 6. HP: 34/37 MP: 6/6
  3687 | D:4      | Killed from afar by an orc priest

Illustrated notes

Levels and vault maps discovered:
D:1:      amcnicky_arrival_abandoned_market, layout_basic
D:2:      layout_basic, uniq_robin
D:3:      layout_loops_corners, minmay_between
D:4:      layout_loops_ring, serial_demonic, serial_demonic_d, serial_demonic_d,
          serial_demonic_d, serial_demonic_b

Skill      XL: |  1  2  3  4  5 |
---------------+----------------+-----
Throwing       | 2 |  2.7
Armour         | 1 2 |  2.3
Shields        | 1 2 |  2.1
Axes           | 3 |  3.4
Evocations     | 1 |  1.7
Fighting       | 3 |  3.1
Dodging        | 3 |  3.1

Action                   |  1- 3 |  4- 6 || total
-------------------------+-------+-------++-------
Melee: War axe           |   131 |   155 ||   286
       Punch             |     1 |       ||     1
Armor: Leather armour    |    19 |       ||    19
       Plate armour      |   114 |    50 ||   164
       Chain mail        |       |    68 ||    68
       Scale mail        |       |     5 ||     5
Dodge: Dodged            |    83 |    71 ||   154
